AoeStats
← 1543394932

Arabia

503617653Analyzed
2v2 RM · 9d ago on Sep 1, 2026· 42m 37s· 4 players
Game mode
Random Map
Map size
Medium (4 player)
Population
200
Speed
Normal
Resources
Standard
Victory
Conquest
Starting age
Dark Age
Ending age
Imperial Age
RankedLock teamsTeams togetherTeam positionsShared explorationLock speedFull tech treeHidden civsTurbo modeCheats
Victory
Defeat
🇨🇳 Bengalis · China
1028
+16
🇸🇬 Magyars · Singapore
1028
+16
🇹🇷 Berbers · Türkiye
1061
-18
🇹🇷 Cumans · Türkiye
999
-15
1543394932
6:33 Loom
9:43 Feudal Age
10:13 Double-Bit Axe
13:15 Wheelbarrow
14:19 Fletching
20:07 Castle Age
19:13 Scale Barding Armor
19:19 Forging
19:23 Bloodlines
19:54 Horse Collar
20:59 Husbandry
20:39 Crossbowman
26:57 Padded Archer Armor
28:00 Bodkin Arrow
29:51 Leather Archer Armor
30:15 Hand Cart
29:59 Gold Mining
38:02 Imperial Age
37:09 Ballistics
37:15 Bow Saw
40:00 Conscription
39:48 Paiks
39:14 Elite Elephant Archer
41:14 Ring Archer Armor
40:45 Bracer
41:49 Chemistry
kirigi_sama
4:05 Loom
11:36 Feudal Age
14:56 Double-Bit Axe
17:19 Horse Collar
23:51 Castle Age
24:43 Husbandry
25:39 Bloodlines
28:36 Bow Saw
29:00 Scale Barding Armor
32:31 Chain Barding Armor
36:10 Corvinian Army
37:23 Town Watch
38:19 Wheelbarrow
43:55 Imperial Age
Øxy
7:18 Loom
12:01 Feudal Age
18:23 Fletching
18:33 Padded Archer Armor
23:10 Castle Age
22:07 Padded Archer Armor
21:57 Fletching
22:18 Double-Bit Axe
23:34 Pikeman
24:34 Horse Collar
37:13 Leather Archer Armor
41:56 Imperial Age
40:46 Wheelbarrow
41:07 Ballistics
41:40 Bodkin Arrow
vwusxa7
10:50 Feudal Age
11:18 Horse Collar
11:24 Double-Bit Axe
15:02 Loom
15:02 Town Watch
17:28 Town Watch
18:24 Fletching
19:05 Padded Archer Armor
22:13 Wheelbarrow
24:50 Forging
25:14 Stone Mining
25:14 Gold Mining
Connection lost

Rejoining the realm…

Still unreachable

The connection could not be restored.

Session expired

The server has moved on; the page needs a fresh start.